 Dungeon Crawl Stone Soup version 0.28.0-1-gb440e238dd (webtiles) character file.

Game seed: 14220048043408280340

23 Zeldest the Caller (level 3, -2/17 HPs)
             Began as a Vine Stalker Summoner on Feb 21, 2022.
             Frozen to death by an endoplasm (3 damage)
             ... on level 2 of the Dungeon.
             The game lasted 00:02:40 (357 turns).

Zeldest the Caller (Vine Stalker Summoner)           Turns: 357, Time: 00:02:42

Health: -2/17      AC:  2    Str: 10    XL:     3   Next: 0%
Magic:  0/7        EV: 12    Int: 17    God:
Gold:   7          SH:  0    Dex: 14    Spells: 0/6 levels left

rFire   . . .      SeeInvis .     - Unarmed
rCold   . . .      Faith    .   (no shield)
rNeg    . . .      Spirit   +   a - +0 robe
rPois   .          Reflect  .   (no helmet)
rElec   .          Harm     .   (no cloak)
rCorr   .          Rampage  .   (no gloves)
Will    .....                   (no boots)
Stlth   ++........              (no amulet)
HPRegen 0.05/turn               (no ring)
MPRegen 0.10/turn               (no ring)

@: lethally poisoned (-2 -> -4)
A: fangs 2, magic shield, antimagic bite, no potion heal 2
a: no special abilities


You were on level 2 of the Dungeon.
You visited 1 branch of the dungeon, and saw 2 of its levels.

You collected 7 gold pieces.

Inventory:

Armour
 a - a +0 robe (worn)
Potions
 b - a potion of curing {unknown}


   Skills:
 + Level 0.8 Fighting
 - Level 1.5 Dodging
 - Level 2.4 Stealth
 + Level 1.1 Unarmed Combat
 + Level 2.1 Spellcasting
 + Level 4.2 Summonings
 + Level 1.0 Air Magic


You couldn't memorise any spells.
You knew the following spells:

 Your Spells              Type           Power      Damage    Failure   Level
a - Call Imp              Summ           16%        N/A       4%          2
b - Summon Small Mammal   Summ           64%        N/A       3%          1
c - Call Canine Familiar  Summ           16%        N/A       10%         3

Your spell library contained the following spells:

 Spells                   Type           Power      Damage    Failure   Level
 Summon Guardian Golem    Hex/Summ       9%         N/A       24%         3
 Summon Lightning Spire   Summ/Air       10%        N/A       54%         4


Dungeon Overview and Level Annotations

Branches:
Dungeon (2/15)

Altars:


Innate Abilities, Weirdness & Mutations

You have extremely sharp teeth.
When hurt, damage is shared between your health and your magic reserves.
Your bite disrupts and absorbs the magic of your enemies.
Potions cannot restore your health.


Message History

Your bat completely misses the adder.
You barely miss the adder.
The adder is heavily wounded.
Your bat hits the endoplasm but does no damage.
Your bat hits the adder. The endoplasm misses your bat.
The adder closely misses your bat.
Your bat closely misses the adder.
You miss the adder.
The adder is severely wounded.
Your bat hits the adder but does no damage.
Your bat barely misses the adder.
The adder bites you.
You are lethally poisoned!
The adder poisons you!
You closely miss the adder. You bite the adder. You drain its power.
You feel invigorated.
The adder is severely wounded.
* * * LOW HITPOINT WARNING * * *
You feel sick.
Your bat hits the adder but does no damage.
The adder bites you.
Your crimson imp completely misses the adder.
Your bat closely misses the adder.
You miss the adder. Your bite misses the adder.
The adder is severely wounded.
* * * LOW HITPOINT WARNING * * *
You feel sick.
Your bat barely misses the adder.
Your bat misses the adder.
Your bat closely misses the adder.
The adder misses you.
Your crimson imp barely misses the adder.
The endoplasm barely misses you.
Your bat barely misses the adder.
The adder bites you.
* * * LOW HITPOINT WARNING * * *
Unknown command.
Unknown command.
You miss the adder. You bite the adder, but do no damage.
The adder is severely wounded.
* * * LOW HITPOINT WARNING * * *
You feel sick.
Your bat misses the adder. x2
Your crimson imp misses the adder.
Your bat barely misses the adder.
The endoplasm freezes you.
You are frozen.
You die...

###.#.# .#####
#...#.############
......##...#.#..........#
#..<.....#..........#
##.......#..........#
###.......#..........#
#.....................#
##.###.................#
#......@5..#...........#
..###.JSb..............#
#.b......###########
#........# ##.....#.#
##...##..# #.....#.#
.......?.# ..........#


You could see an adder (ally target), an endoplasm, a friendly crimson imp
(summoned) and 2 friendly bats.

Vanquished Creatures
  A goblin (D:1)
  A kobold (D:1)
  3 rats (D:1)
5 creatures vanquished.

Vanquished Creatures (collateral kills)
  A dart slug (D:1)
  4 endoplasms
  A giant cockroach (D:2)
  2 goblins (D:1)
  A hobgoblin (D:1)
  4 ball pythons
  A bat (D:1)
14 creatures vanquished.

Grand Total: 19 creatures vanquished

Notes
Turn   | Place    | Note
-------+----------+-------------------------------------------
     0 | D:1      | Zeldest the Vine Stalker Summoner began the quest for the
                  | Orb.
     0 | D:1      | Reached XP level 1. HP: 9/9 MP: 4/4
    79 | D:1      | Reached XP level 2. HP: 3/14 MP: 1/6
    93 | D:1      | Learned a level 2 spell: Call Imp
   173 | D:1      | Reached skill level 1 in Unarmed Combat
   316 | D:2      | Reached skill level 1 in Air Magic
   319 | D:2      | Reached XP level 3. HP: 6/17 MP: 3/7
   323 | D:2      | Learned a level 3 spell: Call Canine Familiar
   357 | D:2      | Frozen to death by an endoplasm

Illustrated notes

Levels and vault maps discovered:
D:1:      dpeg_arrival_simpleton_a, layout_loops_ring,
          shapermc_ecumenical_altar_mp_vishouse, minmay_octomino_e4
D:2:      layout_rooms, kennysheep_cross_room, minmay_cut_off

Skill      XL: |  1  2 |
---------------+-------+-----
Unarmed Combat | 1 |  1.1
Air Magic      | 1 |  1.0
Fighting       | |  0.8
Dodging        | |  1.5
Stealth        | |  2.4
Spellcasting   | |  2.1
Summonings     | |  4.2

Action                   || total
-------------------------++-------
Melee: Unarmed           ||    31
       Bite              ||     3
 Cast: Summon Small Mamm ||    10
       Call Imp          ||     6
Armor: Robe              ||     7
Dodge: Dodged            ||    26
